 Dungeon Crawl Stone Soup version 0.27-a0-931-g5a74e75d8f (webtiles) character file.

Game seed: 3978525681861606456

6729 mhtbhm the Geomancer (level 11, -1/60 HPs)
             Began as a Gargoyle Earth Elementalist on Apr 10, 2021.
             Slain by a cyclops (14 damage)
             ... on level 11 of the Dungeon.
             The game lasted 00:23:53 (12554 turns).

mhtbhm the Geomancer (Gargoyle Earth Elementalist) Turns: 12554, Time: 00:23:53

Health: -1/60      AC: 17    Str: 11    XL:     11   Next: 4%
Magic:  1/32       EV: 13    Int: 20    God:
Gold:   397        SH:  5    Dex: 10    Spells: 11/26 levels left

rFire    . . .     SeeInvis .   a - +2 flail (drain)
rCold    . . .     Faith    .   (no shield)
rNeg     + . .     Spirit   .   b - +0 steam dragon scales
rPois    ∞         Reflect  +   (no helmet)
rElec    +         Harm     .   C - +2 cloak
rCorr    .         Rampage  .   (no gloves)
Will     .....                  h - +0 pair of boots
Stlth    +++.......             x - amulet of reflection
HPRegen  0.20/turn              z - ring of magical power
MPRegen  0.23/turn              (no ring)

@: very slightly contaminated
A: AC +8, negative energy resistance 1, electricity resistance, torment
resistance 1, unbreathing 1, petrification resistance
a: no special abilities


You were on level 11 of the Dungeon.
You visited 2 branches of the dungeon, and saw 11 of its levels.

You collected 546 gold pieces.
You spent 149 gold pieces at shops.

Inventory:

Hand Weapons
 a - a +2 flail of draining (weapon)
Missiles
 c - 145 stones (quivered)
 r - 5 boomerangs
 A - 2 curare-tipped darts
Armour
 b - +0 steam dragon scales (worn)
 h - a +0 pair of boots (worn)
 C - a +2 cloak (worn)
Jewellery
 f - an amulet of the acrobat
 x - an amulet of reflection (around neck)
 y - an amulet of faith
 z - a ring of magical power (left hand)
Wands
 o - a wand of acid (10)
 B - a wand of digging (3)
Scrolls
 g - a scroll of vulnerability
 k - 3 scrolls of amnesia
 l - 3 scrolls of enchant armour {unknown}
 m - 2 scrolls of magic mapping
 q - 3 scrolls of enchant weapon
 s - 3 scrolls of teleportation
 t - 2 scrolls of noise {unknown}
 u - 2 scrolls of holy word {unknown}
 w - a scroll of immolation {unknown}
Potions
 d - 2 potions of attraction {unknown}
 e - a potion of mutation {unknown}
 j - a potion of cancellation {unknown}
 n - 5 potions of curing {unknown}
 p - a potion of heal wounds {unknown}
 v - a potion of degeneration {unknown}


   Skills:
 + Level 3.7 Fighting
 + Level 5.9 Maces & Flails
 + Level 1.6 Throwing
 + Level 5.7 Dodging
 + Level 5.0 Stealth
 + Level 1.0 Shields
 - Level 0.3 Unarmed Combat
 + Level 8.4 Spellcasting
 + Level 1.2 Conjurations
 + Level 1.6 Transmutations
 + Level 10.5 Earth Magic
 + Level 0.4 Evocations


You had 11 spell levels left.
You knew the following spells:

 Your Spells              Type           Power      Damage    Failure   Level
a - Sandblast             Erth           100%       2d20      1%          1
b - Passwall              Tmut/Erth      26%        N/A       1%          2
c - Stone Arrow           Conj/Erth      64%        3d11      2%          3
d - Lee's Rapid Deconstr  Erth           25%        3d15*     3%          5
e - Petrify               Tmut/Erth      32%        N/A       7%          4

Your spell library contained the following spells:

 Spells                   Type           Power      Damage    Failure   Level
 Shock                    Conj/Air       40%        1d5       6%          1
 Animate Skeleton         Necr           16%        N/A       9%          1
 Apportation              Tloc           16%        N/A       9%          1
 Corona                   Hex            8%         N/A       9%          1
 Summon Small Mammal      Summ           32%        N/A       9%          1
 Call Imp                 Summ           8%         N/A       12%         2
 Ensorcelled Hibernation  Hex/Ice        16%        N/A       12%         2
 Swiftness                Air            8%         N/A       12%         2
 Dazzling Flash           Conj/Hex       20%        N/A       19%         3
 Static Discharge         Conj/Air       10%        N/A       19%         3
 Call Canine Familiar     Summ           8%         N/A       24%         3
 Confusing Touch          Hex            8%         N/A       24%         3
 Gell's Gravitas          Tloc           4%         N/A       24%         3
 Summon Guardian Golem    Hex/Summ       8%         N/A       24%         3
 Tukima's Dance           Hex            8%         N/A       24%         3
 Airstrike                Air            4%         N/A       63%         4
 Summon Ice Beast         Ice/Summ       8%         N/A       63%         4
 Summon Lightning Spire   Summ/Air       8%         N/A       63%         4
 Yara's Violent Unravell  Hex/Tmut       5%         3d4       85%         5
 Lightning Bolt           Conj/Air       5%         1d17      87%         5
 Metabolic Englaciation   Hex/Ice        4%         N/A       92%         5


Dungeon Overview and Level Annotations

Branches:
Dungeon (9/15)             Temple (1/1) D:5
   Lair: D:8-11         Orc: D:9-12

Altars:
Ashenzari
Cheibriados
Dithmenos
Elyvilon
Fedhas
Gozag
Hepliaklqana
Kikubaaqudgha
Makhleb
Nemelex Xobeh
Okawaru
Qazlal
Ru
Sif Muna
Trog
Uskayaw
Vehumet
Wu Jian
Xom
Yredelemnul
Zin
The Shining One
Lugonu

Shops:
D:1 (   D:2 =   D:3 **=?:   D:4 *


Innate Abilities, Weirdness & Mutations

Your stone body is resilient. (AC +8)
You are immune to poison.
You resist negative energy. (rN+)
You are resistant to electric shocks. (rElec)
You are resistant to unholy torment.
You can survive without breathing.
You are immune to petrification.


Message History

You kill the hound!
The centaur warrior zombie closely misses you. x2
The cyclops hits you!!
* * * LOW HITPOINT WARNING * * *
Unknown command.
Throw: 5 boomerangs
Press: ? - help, Q - select action, (/) - cycle Shift-Dir - straight line, f - centaur warrior zombie
Aim: a centaur warrior zombie (severely damaged, 85% to hit)
Okay, then.
There are no items here.
Throw: throwing net
Press: ? - help, Q - select action, (/) - cycle Shift-Dir - straight line, f - centaur warrior zombie
Aim: a centaur warrior zombie (severely damaged, 85% to hit)
You throw a throwing net.
The throwing net hits the centaur warrior zombie.
The centaur warrior zombie is caught in the net!
The centaur warrior zombie is severely damaged.
The centaur warrior zombie struggles against the net.
Okay, then.
Okay, then.
Casting: Lee's Rapid Deconstruction (dangerous; 3% risk of failure)
Confirm with . or Enter, or press ? or * to list all spells.
Aiming: Petrify (dangerous; 7% risk of failure)
Press: ? - help, Shift-Dir - straight line, f - cyclops, p - centaur warrior zombie
Aim: a cyclops, quivering large rocks (chance to affect: 43%)
The cyclops resists with some effort.
The centaur warrior zombie struggles against the net.
The cyclops hits you.
* * * LOW HITPOINT WARNING * * *
Casting: Petrify (dangerous; 7% risk of failure)
Confirm with . or Enter, or press ? or * to list all spells.
Aiming: Petrify (dangerous; 7% risk of failure)
Press: ? - help, Shift-Dir - straight line, f/p - cyclops
Aim: a cyclops, quivering large rocks (chance to affect: 43%)
You miscast Petrify.
You are very lightly contaminated with residual magic.
Nothing appears to happen.
The centaur warrior zombie struggles against the net.
The cyclops hits you!
You die...

.######
#.....+ .
#.....#
#.....#
####.##
#####.##
#......#
#......#
#......#
#....)@#
#.....CZ.#
#........###
###......#
#......#
#......#
#####.## ..#


You could see a cyclops and a centaur warrior zombie (caught).

Vanquished Creatures
  Harold (D:7)
  A two-headed ogre (D:11)
  Maggie (D:7)
  Joseph (D:7)
  A hornet (D:9)
  A shadow (D:9)
  3 yaks (D:9)
  Sigmund (D:3)
  A steam dragon (D:7)
  Menkaure (D:4)
  4 orc warriors
  2 sky beasts
  A black bear (D:5)
  4 ogres
  4 centaurs
  2 bullfrogs (D:8)
  A wyvern zombie (D:9)
  5 kobold brigands
  2 scorpions
  4 killer bees (D:5)
  9 wights (D:9)
  A crimson imp (D:5)
  4 centaur zombies
  2 orc priests
  Crazy Yiuf (D:3)
  A bullfrog skeleton (D:6)
  A centaur skeleton (D:7)
  A hound (D:11)
  A jelly (D:6)
  2 gnoll shamans
  14 orc wizards
  Terence (D:2)
  3 iguanas
  7 gnolls
  6 adders
  2 white imps (D:6)
  An ufetubus (D:6)
  An adder skeleton (D:5)
  A worm (D:2)
  3 dart slugs
  34 orcs
  9 endoplasms
  3 giant cockroaches
  A goblin (D:4)
  4 hobgoblins
  3 jackals (D:4)
  25 kobolds
  3 quokkas (D:4)
  13 ball pythons
  4 bats
  7 frilled lizards
  4 rats
213 creatures vanquished.

Vanquished Creatures (others)
  A wizard (D:4)
1 creature vanquished.

Grand Total: 214 creatures vanquished

Notes
Turn   | Place    | Note
-------+----------+-------------------------------------------
     0 | D:1      | mhtbhm the Gargoyle Earth Elementalist began the quest for
                  | the Orb.
     0 | D:1      | Reached XP level 1. HP: 10/10 MP: 3/3
   209 | D:1      | Reached XP level 2. HP: 15/15 MP: 3/5
   210 | D:1      | Reached skill level 4 in Earth Magic
   265 | D:1      | Learned a level 2 spell: Passwall
   591 | D:1      | Found Zohepa's Antique Weapon Boutique.
  1075 | D:1      | Reached XP level 3. HP: 19/19 MP: 0/6
  1079 | D:1      | Learned a level 3 spell: Stone Arrow
  1718 | D:2      | Noticed Terence
  1730 | D:2      | Reached XP level 4. HP: 24/24 MP: 7/7
  1744 | D:2      | Killed Terence
  2105 | D:2      | Found Ewkoman's Jewellery Emporium.
  2710 | D:3      | Reached XP level 5. HP: 28/28 MP: 7/9
  2743 | D:3      | Found Nuith's Book Boutique.
  2758 | D:3      | Found Sary's Magic Scroll Boutique.
  2764 | D:3      | Bought a scroll of identify for 26 gold pieces
  2764 | D:3      | Bought a scroll of magic mapping for 45 gold pieces
  2781 | D:3      | Reached skill level 5 in Earth Magic
  2856 | D:3      | Found Val Yczekk's General Store.
  2866 | D:3      | Noticed Sigmund
  3045 | D:3      | Killed Sigmund
  3046 | D:3      | Reached XP level 6. HP: 33/33 MP: 3/11
  3054 | D:3      | Learned a level 5 spell: Lee's Rapid Deconstruction
  3123 | D:3      | Found Viec's General Store.
  3132 | D:3      | Bought a scroll of identify for 22 gold pieces
  3349 | D:3      | Found a runed translucent door.
  3350 | D:3      | Noticed Crazy Yiuf
  3354 | D:3      | Killed Crazy Yiuf
  3480 | D:3      | Found Alicvut's Jewellery Shoppe.
  3855 | D:4      | Noticed Menkaure
  3861 | D:4      | Killed Menkaure
  3862 | D:4      | Reached skill level 1 in Maces & Flails
  3862 | D:4      | Reached XP level 7. HP: 31/37 MP: 7/13
  4023 | D:4      | Reached skill level 1 in Fighting
  4023 | D:4      | Reached skill level 6 in Earth Magic
  4113 | D:4      | Noticed a +0 dagger
  4113 | D:4      | Noticed a +0 short sword
  4113 | D:4      | Noticed a +0 spear
  4115 | D:4      | Noticed a +0 falchion
  4115 | D:4      | Noticed a +0 falchion
  4115 | D:4      | Noticed a +0 dagger
  4116 | D:4      | Noticed a +0 spear
  4117 | D:4      | Noticed a +0 short sword
  4138 | D:4      | Reached skill level 1 in Transmutations
  4319 | D:4      | Found a hide-covered altar of Uskayaw.
  4514 | D:4      | Found Zoun's General Store.
  4522 | D:4      | Bought a scroll of identify for 28 gold pieces
  4522 | D:4      | Bought a scroll of identify for 28 gold pieces
  4547 | D:4      | Found a bloodstained altar of Trog.
  4548 | D:4      | Noticed a wizard
  4554 | D:4      | Killed a wizard
  4731 | D:4      | Reached skill level 1 in Conjurations
  4731 | D:4      | Reached XP level 8. HP: 43/43 MP: 6/15
  4880 | D:4      | Found a snail-covered altar of Cheibriados.
  4890 | D:4      | Found a hazy altar of Hepliaklqana.
  4890 | D:4      | Found a stormy altar of Qazlal.
  4891 | D:4      | Found a sparkling altar of Nemelex Xobeh.
  4893 | D:4      | Found a broken altar of Ashenzari.
  4967 | D:4      | Reached skill level 5 in Spellcasting
  5179 | D:5      | Entered Level 5 of the Dungeon
  5291 | D:5      | Found a staircase to the Ecumenical Temple.
  5352 | Temple   | Entered the Ecumenical Temple
  5414 | Temple   | Learned a level 4 spell: Petrify
  5807 | D:5      | Found a shimmering altar of Xom.
  5808 | D:5      | Found a burning altar of Makhleb.
  6741 | D:6      | Reached skill level 7 in Earth Magic
  6854 | D:6      | Found an ancient bone altar of Kikubaaqudgha.
  6923 | D:6      | Reached XP level 9. HP: 33/48 MP: 1/17
  7420 | D:6      | Found a radiant altar of Vehumet.
  7801 | D:7      | Noticed Joseph
  7818 | D:7      | Killed Joseph
  7819 | D:7      | Reached skill level 1 in Throwing
  8068 | D:7      | Reached skill level 8 in Earth Magic
  8276 | D:7      | Noticed Maggie
  8293 | D:7      | Killed Maggie
  8294 | D:7      | Reached skill level 5 in Dodging
  8863 | D:7      | Noticed Harold
  8864 | D:7      | Found a glowing silver altar of Zin.
  9394 | D:8      | Found an iron altar of Okawaru.
  9530 | D:8      | Found a white marble altar of Elyvilon.
  9766 | D:8      | Reached XP level 10. HP: 35/56 MP: 2/20
  9972 | D:8      | Reached skill level 9 in Earth Magic
 10427 | D:7      | Killed Harold
 10428 | D:7      | Reached skill level 5 in Maces & Flails
 11744 | D:9      | Reached skill level 10 in Earth Magic
 11885 | D:9      | Reached skill level 5 in Stealth
 12000 | D:9      | Found an ornate altar of the Wu Jian Council.
 12367 | D:9      | You fall into a shaft and drop 2 floors!
 12367 | D:11     | Noticed a cyclops
 12522 | D:11     | Noticed a two-headed ogre
 12533 | D:11     | Killed a two-headed ogre
 12534 | D:11     | Reached skill level 1 in Shields
 12534 | D:11     | Reached XP level 11. HP: 60/60 MP: 4/23
 12554 | D:11     | Slain by a cyclops

Illustrated notes

Levels and vault maps discovered:
D:1:      dpeg_arrival_lava_temple_mockup, layout_rooms, serial_shops, shop,
          st_stairs_2
D:2:      layout_basic, serial_shops, nicolae_shop_crystal, minmay_unequal,
          uniq_terence
D:3:      layout_loops_ring, serial_shops, shop_statue, shop, shop, shop,
          nicolae_shop_waterfront, uniq_sigmund, uniq_crazy_yiuf_cottage
D:4:      layout_gridville, nicolae_uskayaw_en_pointe, trog_wizard, minitemple,
          serial_shops, shop, minmay_a_box_with_orc_wizards_in_it, uniq_menkaure
D:5:      layout_basic, grunt_temple_overflow_champion_of_chaos,
          minmay_temple_entry_large_hall, kennysheep_boxes
D:6:      layout_basic, kennysheep_mini_moat, amcnicky_altar_gilded
D:7:      layout_rooms, old_standard_altar, minmay_fountain_box, uniq_harold,
          uniq_joseph, uniq_maggie
D:8:      layout_loops_ring, general_overflow_altar, okawaru_metal_pillars_1_2
D:9:      layout_stronghold, nzn_wu_jian_council_hall
D:11:     layout_roguey, erik_lair_island, minmay_orc_entry_temple_small
Temple:   corrupted_temple

Skill      XL: |  1  2  3  4  5  6  7  8  9 10 |
---------------+-------------------------------+-----
Earth Magic    | 4 5 6 7 8 10 | 10.5
Dodging        | 2 4 5 |  5.7
Spellcasting   | 3 4 5 7 8 |  8.4
Stealth        | 3 4 5 |  5.0
Maces & Flails | 1 2 4 5 |  5.9
Fighting       | 1 2 3 |  3.7
Transmutations | 1 |  1.6
Conjurations   | 1 |  1.2
Throwing       | 1 |  1.6
Shields        | 1 |  1.0
Unarmed Combat | |  0.3
Evocations     | |  0.4

Action                   |  1- 3 |  4- 6 |  7- 9 | 10-12 || total
-------------------------+-------+-------+-------+-------++-------
Melee: Unarmed           |    42 |       |       |       ||    42
       Whip              |    15 |    34 |       |       ||    49
       Mace              |       |     2 |    54 |       ||    56
       Flail             |       |       |   172 |   133 ||   305
Throw: Boomerang         |       |       |    19 |     7 ||    26
       Stone             |       |       |     2 |       ||     2
       Throwing net      |       |       |     1 |     1 ||     2
 Cast: Sandblast         |    41 |    22 |    70 |    11 ||   144
       Stone Arrow       |       |     7 |    13 |     6 ||    26
       Passwall          |       |     1 |       |       ||     1
       Lee's Rapid Decon |       |       |    26 |    25 ||    51
       Petrify           |       |       |     3 |     2 ||     5
Evoke: Wand              |       |     1 |     2 |       ||     3
  Use: Scroll            |       |     4 |     3 |     1 ||     8
       Potion            |       |       |     4 |     1 ||     5
 Stab: Sleeping          |       |     3 |     5 |       ||     8
       Petrified         |       |       |     3 |       ||     3
Armor: Robe              |    25 |    11 |   167 |       ||   203
       Steam dragon scal |       |       |    24 |    91 ||   115
Dodge: Dodged            |    62 |    31 |   317 |   116 ||   526
Block: Other             |       |       |       |    18 ||    18

Table legend: (Time is in decaauts)
 A = Elapsed time spent in this place.
 B = Non-inter-level travel time spent in this place.
 C = Inter-level travel time spent in this place.
 D = Time resting spent in this place.
 E = Time spent auto-exploring this place.
 F = Levels seen in this place.
 G = Mean time per level.
                   A        B        C        D        E       F      G
               +--------+--------+--------+--------+--------+-----+--------+
         Total |  12616 |  12353 |    263 |   3395 |   6210 |  11 | 1146.9 |
       Dungeon |  12553 |  12290 |    263 |   3395 |   6178 |  10 | 1255.3 |
        Temple |     62 |     62 |      0 |      0 |     32 |   1 |   62.0 |
               +--------+--------+--------+--------+--------+-----+--------+

Top non-repeatable levels by time:
     D:9: 1684 daAuts
     D:2: 1611 daAuts
     D:5: 1511 daAuts
     D:7: 1464 daAuts
     D:8: 1425 daAuts
     D:4: 1351 daAuts
     D:1: 1246 daAuts
     D:6: 1078 daAuts
     D:3: 991 daAuts
    D:11: 188 daAuts
  Temple: 62 daAuts
